 Dungeon Crawl Stone Soup version 5.2-56-g927a965 (webtiles) character file.

190 Faca the Skirmisher (level 7, -4/60 HPs)
             Began as a Formicid Fighter on Dec 30, 2017.
             Was an Initiate of Okawaru.
             Slain by a howler monkey skeleton (5 damage)
             ... on level 4 of the Dungeon on Feb 7, 2018.
             The game lasted 00:07:25 (2692 turns).

Faca the Skirmisher (Formicid Fighter)              Turns: 2692, Time: 00:07:25

Health: -4/60      AC:  9 (28%)Str: 20  XL:     7   Next: 40%
Magic:  7/7        EV:  7    Int:  8    God:    Okawaru [0*[28]]
Gold:   225        SH:  9    Dex: 12    Spells: 6/6 levels left

rFire    . . .     SeeInvis +   t - +4 hand axe
rCold    . . .     Faith    .   c - +0 shield
rNeg     . . .     Spirit   .   b - +0 scale mail
rPois    .         Reflect  .   (helmet unavailable)
rElec    .                      j - +0 cloak
rCorr    .                      f - +0 pair of gloves
MR       .....                  (no boots)
Stlth    ..........             (no amulet)
Regen    0.2/turn               (no ring)
MPRegen  0.2/turn               (no ring)

@: lethally poisoned (-4 -> -15)
A: permanent stasis, dig shafts and tunnels, four strong arms, antennae 3
a: Dig, Shaft Self, Renounce Religion


You were on level 4 of the Dungeon.
You worshipped Okawaru.
Okawaru was noncommittal.
You were not hungry.

You visited 1 branch of the dungeon, and saw 4 of its levels.

You collected 225 gold pieces.

Inventory:

Hand Weapons
 t - a +4 hand axe (weapon)
Missiles
 e - 96 arrows
 i - 28 curare darts
 k - 196 poisoned darts (quivered)
 n - 145 stones
 q - 3 tomahawks
Armour
 b - a +0 scale mail (worn)
 c - a +0 shield (worn)
 f - a +0 pair of gloves (worn)
 j - a +0 cloak (worn)
Scrolls
 l - a scroll of fog
 m - a scroll of enchant weapon
 p - a scroll of enchant armour
 s - a scroll of magic mapping
Potions
 a - a potion of flight
 d - a potion of augmentation
 g - 2 potions of resistance
 o - a potion of invisibility


   Skills:
 * Level 7.2 Fighting
 + Level 4.4 Axes
 - Level 3.6 Armour
 - Level 3.8 Shields


You had 6 spell levels left.
You didn't know any spells.

Dungeon Overview and Level Annotations

Branches:
Dungeon (4/15)

Altars:
Dithmenos
Gozag
Hepliaklqana
Jiyva
Kikubaaqudgha
Makhleb
Nemelex Xobeh
Okawaru
Qazlal
Ru
Sif Muna
Uskayaw
Vehumet
Xom
Yredelemnul
The Shining One


Innate Abilities, Weirdness & Mutations

You are under a permanent stasis effect.
You can dig through walls and to a lower floor.
Your four strong arms can wield two-handed weapons with a shield.
You have a pair of large antennae on your head. (SInv)


Message History

* * * LOW HITPOINT WARNING * * *
You feel sick.
You hit the howler monkey skeleton (4).
The howler monkey skeleton is lightly damaged.
* * * LOW HITPOINT WARNING * * *
You feel sick.
The howler monkey skeleton hits you but does no damage.
You barely miss the howler monkey skeleton.
The howler monkey skeleton is lightly damaged.
* * * LOW HITPOINT WARNING * * *
You feel sick.
The howler monkey skeleton hits you but does no damage.
Okay, then.
You hit the howler monkey skeleton (4).
The howler monkey skeleton is moderately damaged.
* * * LOW HITPOINT WARNING * * *
You feel sick.
The howler monkey skeleton hits you but does no damage.
The howler monkey skeleton hits you (5).
You die...

#...# #...# #...#
#...# ##.##...# ...
.$. #.# #o# ##.###Z#
#....#@# #....#.#
#....#.#############
#.........##.......#
#..................#
#.........)........#
###................#
#...>........?...#
#.......##'######


You could see an orc and a howler monkey skeleton.

Vanquished Creatures
  An ogre (D:4)
  A scorpion (D:3)
  A howler monkey (D:3)
  A hound (D:4)
  An orc priest (D:4)
  3 orc wizards
  3 worker ants
  4 adders
  9 orcs
  7 quokkas
  5 giant cockroaches
  7 goblins
  6 hobgoblins
  8 jackals
  10 kobolds
  2 ball pythons (D:3)
  7 bats
  7 frilled lizards
  5 rats
88 creatures vanquished.

Notes
Turn   | Place    | Note
-------+----------+-------------------------------------------
     0 | D:1      | Faca the Formicid Fighter began the quest for the Orb.
     0 | D:1      | Reached XP level 1. HP: 18/18 MP: 1/1
   120 | D:1      | Reached XP level 2. HP: 19/24 MP: 2/2
   669 | D:1      | Reached XP level 3. HP: 28/30 MP: 3/3
   770 | D:2      | Reached skill level 4 in Fighting
   845 | D:2      | Found a shadowy altar of Dithmenos.
   845 | D:2      | Found a sparkling altar of Nemelex Xobeh.
   845 | D:2      | Found an ancient bone altar of Kikubaaqudgha.
   845 | D:2      | Found an opulent altar of Gozag.
   845 | D:2      | Found a stormy altar of Qazlal.
   850 | D:2      | Found a basalt altar of Yredelemnul.
   850 | D:2      | Found a glowing golden altar of the Shining One.
   859 | D:2      | Reached XP level 4. HP: 36/37 MP: 4/4
   865 | D:2      | Found a hide-covered altar of Uskayaw.
   865 | D:2      | Found a hazy altar of Hepliaklqana.
   901 | D:2      | Found a burning altar of Makhleb.
   973 | D:2      | Found a faded altar of an unknown god.
  1022 | D:2      | Found an iron altar of Okawaru.
  1022 | D:2      | Found a deep blue altar of Sif Muna.
  1027 | D:2      | Became a worshipper of Warmaster Okawaru
  1308 | D:3      | Reached skill level 5 in Fighting
  1308 | D:3      | Reached XP level 5. HP: 39/44 MP: 5/5
  1673 | D:3      | Reached XP level 6. HP: 34/52 MP: 6/6
  2124 | D:3      | Found a shimmering altar of Xom.
  2125 | D:3      | Found a sacrificial altar of Ru.
  2126 | D:3      | Found a viscous altar of Jiyva.
  2126 | D:3      | Found a radiant altar of Vehumet.
  2178 | D:3      | Reached skill level 6 in Fighting
  2444 | D:4      | Noticed an ogre
  2456 | D:4      | Killed an ogre
  2456 | D:4      | Reached XP level 7. HP: 26/59 MP: 7/7
  2673 | D:4      | Reached skill level 7 in Fighting
  2691 | D:4      | HP: 2/60 [poisoned by an orc wizard]
  2692 | D:4      | Slain by a howler monkey skeleton

Skill      XL: |  1  2  3  4  5  6  7 |
---------------+----------------------+-----
Fighting       | 4 5 6 7 |  7.2
Axes           | 3 4 |  4.4
Armour         | |  3.6
Shields        | |  3.8

Action                   |  1- 3 |  4- 6 |  7- 9 || total
-------------------------+-------+-------+-------++-------
Melee: War axe           |    93 |   108 |       ||   201
       Hand axe          |       |    45 |    37 ||    82
Throw: Poisoned dart     |       |       |     1 ||     1
 Abil: Dig               |       |     1 |       ||     1
  Use: Potion            |       |       |     1 ||     1
Armor: Scale mail        |    48 |    86 |    13 ||   147
Dodge: Dodged            |    33 |    56 |     6 ||    95
Block: Shield            |    53 |    81 |    23 ||   157
